AoeStats
← Paladinho

Marketplace

505373770Analyzed
1v1 RM · 22d ago on Sep 9, 2026· 24m 9s· 2 players
Game mode
Random Map
Map size
Tiny (2 player)
Population
200
Speed
Normal
Resources
Standard
Victory
Conquest
Starting age
Dark Age
Ending age
Imperial Age
RankedLock teamsTeams togetherTeam positionsShared explorationLock speedFull tech treeHidden civsTurbo modeCheats
Victory
Defeat
🇻🇪 Maya · Venezuela
989
+15
🇨🇳 Byzantines · China
975
-15
956068430
5:18 Loom
11:59 Feudal Age
12:30 Double-Bit Axe
13:25 Wheelbarrow
15:35 Horse Collar
18:49 Padded Archer Armor
19:26 Fletching
26:04 Castle Age
24:38 Forging
24:28 Scale Mail Armor
Paladinho
0:29 Loom
10:20 Feudal Age
11:08 Double-Bit Axe
13:39 Town Watch
16:51 Wheelbarrow
18:08 Fletching
21:51 Castle Age
21:12 Scale Mail Armor
22:18 Eagle Warrior
23:01 Squires
23:32 Chain Mail Armor
24:51 Forging
Connection lost

Rejoining the realm…

Still unreachable

The connection could not be restored.

Session expired

The server has moved on; the page needs a fresh start.